 Dungeon Crawl Stone Soup version 0.29.1-1-gd02db69 (webtiles) character file.

Game seed: 14207461766045299906

658 Kel the Chopper (level 7, -3/41 HPs)
             Began as a Gargoyle Berserker on Nov 26, 2022.
             Was a Priest of Trog.
             Killed from afar by a steam dragon (5 damage)
             ... with a ball of steam
             ... on level 6 of the Dungeon.
             The game lasted 00:05:34 (5232 turns).

Kel the Chopper (Gargoyle Berserker)                Turns: 5232, Time: 00:05:35

Health: -3/41      AC: 14    Str: 22    XL:     7   Next: 55%
Magic:  7/7        EV:  8    Int:  8    God:    Trog [***...]
Gold:   299        SH:  0    Dex:  9    Spells: 6/6 levels left

rFire   . . .      SeeInvis .   k - +0 war axe (vorpal)
rCold   . . .      Faith    .   (no shield)
rNeg    + . .      Spirit   .   l - +0 chain mail
rPois   ∞          Reflect  .   (no helmet)
rElec   +          Harm     .   (no cloak)
rCorr   .          Rampage  .   s - +0 pair of gloves
Will    .....                   (no boots)
Stlth   ..........              (no amulet)
HPRegen 0.13/turn               g - ring of flight
MPRegen 0.10/turn               (no ring)

@: flying
A: sickness immunity, AC +4, negative energy resistance 1, electricity
resistance, torment resistance 1, petrification resistance
a: Renounce Religion, Berserk, Trog's Hand


You were on level 6 of the Dungeon.
You worshipped Trog.
Trog was most pleased with you.
You visited 1 branch of the dungeon, and saw 6 of its levels.

You collected 299 gold pieces.

Inventory:

Hand Weapons
 k - a +0 vorpal war axe (weapon)
Missiles
 o - 2 throwing nets (quivered)
Armour
 l - a +0 chain mail (worn)
 s - a +0 pair of gloves (worn)
Jewellery
 g - a ring of flight (left hand)
Wands
 u - a wand of mindburst (21)
 v - a wand of light (3)
Scrolls
 a - 2 scrolls of blinking {unknown}
 b - 5 scrolls of teleportation {unknown}
 d - 6 scrolls of identify {unknown}
 e - a scroll of acquirement {unknown}
 f - a scroll of vulnerability {unknown}
 i - 2 scrolls of poison {unknown}
 m - a scroll of butterflies {unknown}
 n - 3 scrolls of immolation {unknown}
 p - a scroll of fear {unknown}
 r - a scroll of torment {unknown}
 t - a scroll of enchant weapon {unknown}
Potions
 c - a potion of brilliance {unknown}
 h - 2 potions of invisibility {unknown}
 j - 4 potions of curing {unknown}
 q - a potion of haste {unknown}


   Skills:
 - Level 3.2 Fighting
 + Level 7.8 Axes
 - Level 2.1 Armour
 - Level 1.5 Dodging


You had 6 spell levels left.
You didn't know any spells.
Your spell library was empty.

Dungeon Overview and Level Annotations

Branches:
Dungeon (6/15)             Temple (0/1) D:5

Altars:
Trog
The Shining One

Shops:
D:4 ?


Innate Abilities, Weirdness & Mutations

You are immune to sickness and miasma.
Your stone body is resilient. (AC +4)
You are immune to poison.
You resist negative energy. (rN+)
You are resistant to electric shocks. (rElec)
You are resistant to unholy torment.
You are immune to petrification.


Message History

You are too injured to fight recklessly!
You are too injured to fight recklessly!
You are too injured to fight recklessly!
You are too injured to fight recklessly!
You are too injured to fight recklessly!
You are too injured to fight recklessly!
You are too injured to fight recklessly!
You are too injured to fight recklessly!
You are too injured to fight recklessly!
You are too injured to fight recklessly!
You are too injured to fight recklessly!
You are too injured to fight recklessly!
You are too injured to fight recklessly!
You are too injured to fight recklessly!
You closely miss the steam dragon. You barely miss the adder. x2
You are engulfed in a cloud of scalding steam.
The steam dragon bites you but does no damage.
The steam dragon claws you but does no damage.
The adder bites you but does no damage. The adder barely misses you.
The steam dragon barely misses you. The steam dragon claws you.
* * * LOW HITPOINT WARNING * * *
You barely miss the steam dragon. You closely miss the adder.
You hit the adder.
You are engulfed in a cloud of scalding steam.
* * * LOW HITPOINT WARNING * * *
The adder is engulfed in a cloud of scalding steam.
The adder dies!
The adder is engulfed in a cloud of scalding steam.
The adder bites you but does no damage.
The adder is engulfed in a cloud of scalding steam.
The adder dies!
The steam dragon bites you.
* * * LOW HITPOINT WARNING * * *
The steam dragon claws you but does no damage.
You barely miss the steam dragon.
You are engulfed in a cloud of scalding steam.
* * * LOW HITPOINT WARNING * * *
The steam dragon breathes steam at you. The ball of steam hits you.
You die...

'... #### #..
..§§§ #..
.....##..
..§..§..#+###
....§.§.#...#
....§§.§+...#
.....§.@##.<#
..).....D..##
..................
.........####.....
.........# ####
###+#+##.# #.# #.#
#..


You could see a steam dragon (catching breath).

Vanquished Creatures
  A water moccasin (D:5)
  A black bear (D:5)
  A centaur (D:5)
  A crimson imp (D:4)
  2 hounds
  An orc priest (D:3)
  A jelly (D:6)
  2 iguanas (D:5)
  An orc wizard (D:4)
  3 adders
  2 shadow imps
  An ufetubus (D:4)
  2 worms
  9 orcs
  4 ball pythons
  4 endoplasms
  3 giant cockroaches
  12 goblins
  3 hobgoblins
  4 jackals (D:1)
  7 kobolds
  3 quokkas
  5 bats
  A frilled lizard (D:1)
  2 goblin zombies (D:4)
  2 hobgoblin zombies (D:4)
  2 kobold skeletons (D:4)
  A kobold zombie (D:4)
  2 orc zombies (D:4)
  5 rats
88 creatures vanquished.

Vanquished Creatures (others)
  2 adders (D:6)
2 creatures vanquished.

Grand Total: 90 creatures vanquished

Notes
Turn   | Place    | Note
-------+----------+-------------------------------------------
     0 | D:1      | Kel the Gargoyle Berserker began the quest for the Orb.
     0 | D:1      | Reached XP level 1. HP: 14/14 MP: 1/1
   174 | D:1      | Reached skill level 3 in Axes
   184 | D:1      | Reached XP level 2. HP: 11/19 MP: 2/2
  1412 | D:2      | Reached XP level 3. HP: 16/23 MP: 3/3
  1732 | D:2      | Reached skill level 4 in Axes
  1831 | D:2      | Reached ** piety under Trog
  1931 | D:2      | Found a faded altar of an unknown god.
  2509 | D:3      | Reached XP level 4. HP: 26/28 MP: 4/4
  3241 | D:4      | Reached skill level 5 in Axes
  3241 | D:4      | Reached XP level 5. HP: 22/32 MP: 5/5
  3608 | D:4      | Found a glowing golden altar of the Shining One.
  3641 | D:4      | Found Mesovosa's Magic Scroll Boutique.
  3983 | D:4      | Reached XP level 6. HP: 37/37 MP: 6/6
  4012 | D:5      | Entered Level 5 of the Dungeon
  4062 | D:5      | Found a bloodstained altar of Trog.
  4073 | D:5      | Reached *** piety under Trog
  4074 | D:5      | Reached skill level 6 in Axes
  4163 | D:5      | Noticed a water moccasin
  4182 | D:5      | Killed a water moccasin
  4331 | D:5      | Reached skill level 7 in Axes
  4331 | D:5      | Reached XP level 7. HP: 30/41 MP: 7/7
  5010 | D:5      | Found a staircase to the Ecumenical Temple.
  5227 | D:6      | Noticed a steam dragon
  5232 | D:6      | HP: 2/41 [steam dragon] (2)]
  5232 | D:6      | Killed from afar by a steam dragon

Illustrated notes

Levels and vault maps discovered:
D:1:      sevenhm_arrival_forest_fort_small_5, layout_loops_corners,
          serial_park_tiny_2, minivault_23
D:2:      layout_loops_ring, ebering_ecumenical_altar_petrified
D:3:      layout_loops_ring
D:4:      layout_loops_cross, nicolae_tso_besieged_by_evil, serial_glass,
          glass_columns_c, glass_columns_c, serial_shops, shop_statue
D:5:      layout_gridville, trog_hazing_becter, minmay_temple_entry_from_below_a
D:6:      layout_basic, portal_sewer_entry_a, uniq_menkaure

Skill      XL: |  1  2  3  4  5  6 |
---------------+-------------------+-----
Axes           | 3 4 5 7 |  7.8
Fighting       | |  3.2
Armour         | |  2.1
Dodging        | |  1.5

Action                   |  1- 3 |  4- 6 |  7- 9 || total
-------------------------+-------+-------+-------++-------
Melee: Hand axe          |   100 |       |       ||   100
       Punch             |     1 |       |     2 ||     3
       War axe           |    16 |   109 |    25 ||   150
Armor: Animal skin       |    11 |       |       ||    11
       Leather armour    |    23 |       |       ||    23
       Chain mail        |     3 |    78 |    23 ||   104
Dodge: Dodged            |    82 |    60 |    16 ||   158
